 Dungeon Crawl Stone Soup version 0.28.0-53-g5a82cb258f (webtiles) character file.

Game seed: 16255956656435729570

44 Doot the Magician (level 3, 0/21 HPs)
             Began as an Octopode Hedge Wizard on June 18, 2022.
             Succumbed to an adder's poison
             ... on level 3 of the Dungeon.
             The game lasted 00:01:28 (1303 turns).

Doot the Magician (Octopode Hedge Wizard)           Turns: 1303, Time: 00:01:29

Health: 0/21       AC:  1    Str:  9    XL:     3   Next: 60%
Magic:  2/8        EV: 12    Int: 18    God:
Gold:   58         SH:  3    Dex: 11    Spells: 2/10 levels left

rFire   . . .      SeeInvis .   a - +0 dagger
rCold   . . .      Faith    .   d - +0 buckler
rNeg    . . .      Spirit   .   b - +0 hat
rPois   .          Reflect  .   (no amulet)
rElec   .          Harm     .   (no ring)
rCorr   .          Rampage  .   (no ring)
Will    .....                   (no ring)
Stlth   +++.......              (no ring)
HPRegen 0.07/turn               (no ring)
MPRegen 0.11/turn               (no ring)
                                (no ring)
                                (no ring)

@: lethally poisoned (0 -> -3)
A: almost no armour, amphibious, 8 rings, camouflage 1, gelatinous body 1,
(nimble swimmer 1), tentacles
a: no special abilities


You were on level 3 of the Dungeon.
You visited 1 branch of the dungeon, and saw 3 of its levels.

You collected 58 gold pieces.

Inventory:

Hand Weapons
 a - a +0 dagger (weapon)
Armour
 b - a +0 hat (worn)
 d - a +0 buckler (worn)
Scrolls
 c - a scroll of amnesia {unknown}
 e - a scroll of identify {unknown}
 f - a scroll of teleportation {unknown}


   Skills:
 + Level 2.1 Dodging
 + Level 3.1 Stealth
 + Level 4.0 Spellcasting
 + Level 1.1 Conjurations
 + Level 1.0 Summonings
 + Level 1.0 Translocations


You had 2 spell levels left.
You knew the following spells:

 Your Spells              Type           Power      Damage    Failure   Level
a - Magic Dart            Conj           28%        1d4       12%         1
b - Blink                 Tloc           14%        N/A       21%         2
c - Call Imp              Summ           7%         N/A       21%         2
d - Conjure Flame         Conj/Fire      5%         6-21      43%         3

Your spell library contained the following spells:

 Spells                   Type           Power      Damage    Failure   Level
 Slow                     Hex            12%        N/A       21%         1
 Mephitic Cloud           Conj/Pois/Air  5%         N/A       45%         3


Dungeon Overview and Level Annotations

Branches:
Dungeon (3/15)

Altars:


Innate Abilities, Weirdness & Mutations

You cannot wear most types of armour.
You are amphibious.
You can wear up to eight rings at the same time.
Your skin changes colour to match your surroundings (Stealth+).
Your rubbery body absorbs attacks. (AC +1, EV +1)
((You are camouflaged when in or above water. (Stealth+)))
You have tentacles for arms and can constrict up to eight enemies at once.


Message History

You kill the kobold!
The magic dart hits the adder.
The adder is heavily wounded.
Your magical contamination has completely faded away.
The magic dart hits the adder.
The adder is severely wounded.
You see here a scroll labelled EBIOREJIEDD.
The adder bites you.
Unknown command.
You barely miss the adder. Your grab misses the adder.
The adder is severely wounded.
The adder bites you.
You are poisoned.
The adder poisons you!
You hit the adder but do no damage. Your grab misses the adder.
The adder is severely wounded.
You feel sick. The adder bites you. The adder bites you but does no damage.
You barely miss the adder. Your grab misses the adder.
The adder is severely wounded.
You feel sick. The adder bites you.
You barely miss the adder. You grab the adder.
The adder is severely wounded.
You constrict the adder.
You feel sick. The adder bites you.
* * * LOW HITPOINT WARNING * * *
You are lethally poisoned!
The adder poisons you! You block the adder's attack.
You aren't carrying any potions.
You hit the adder but do no damage.
The adder is almost dead.
You constrict the adder.
You kill the adder!
* * * LOW HITPOINT WARNING * * *
You feel sick.
Your Spellcasting skill increases to level 4!
f - a scroll labelled EBIOREJIEDD
* * * LOW HITPOINT WARNING * * *
You feel sick.
* * * LOW HITPOINT WARNING * * *
You feel sick.
You die...

#..##.#.#.#....##
# #..
#.#...#.....## .#
....
#.##....†....#.#
...#.
.)#............#.
.......
.##.#............
.......##
#.#(#..........
.... .#
#.#............
#.#.....[......
#.#..@.........
#.#..........
...##.........
..... .......)#.
..... ..####.)#
## .... ..# ###.
.# .#


There were no monsters in sight!

Vanquished Creatures
  2 adders
  A dart slug (D:2)
  3 ball pythons (D:3)
  A bat (D:1)
  2 endoplasms (D:2)
  2 giant cockroaches (D:2)
  3 goblins
  2 hobgoblins (D:2)
  A quokka (D:2)
  A frilled lizard (D:2)
  3 kobolds
  2 rats (D:2)
23 creatures vanquished.

Notes
Turn   | Place    | Note
-------+----------+-------------------------------------------
     0 | D:1      | Doot the Octopode Hedge Wizard began the quest for the Orb.
     0 | D:1      | Reached XP level 1. HP: 11/11 MP: 4/4
   183 | D:2      | Reached XP level 2. HP: 10/17 MP: 1/6
   326 | D:2      | Learned a level 2 spell: Blink
   329 | D:2      | Learned a level 2 spell: Call Imp
   956 | D:2      | Reached XP level 3. HP: 21/21 MP: 6/8
   960 | D:2      | Learned a level 3 spell: Conjure Flame
  1301 | D:3      | Reached skill level 4 in Spellcasting
  1302 | D:3      | HP: 1/21 [poisoned by an adder]
  1303 | D:3      | Succumbed to an adder's poison

Illustrated notes

Levels and vault maps discovered:
D:1:      dpeg_arrival_tiny_g, layout_basic
D:2:      layout_rooms, chequers_serial_rivers_micro_d, roderic_lattice_a,
          chequers_arboretum
D:3:      layout_rooms, tgw_xom, uniq_ijyb

Skill      XL: |  1  2  3 |
---------------+----------+-----
Stealth        | 3 |  3.1
Spellcasting   | 4 |  4.0
Dodging        | |  2.1
Conjurations   | |  1.1
Summonings     | |  1.0
Translocations | |  1.0

Action                   || total
-------------------------++-------
Melee: Dagger            ||    22
       Tentacles         ||     5
       Constrict         ||     6
 Cast: Magic Dart        ||    43
 Stab: Sleeping          ||     2
Armor: Skin              ||     2
Dodge: Dodged            ||     6
Block: Buckler           ||     2
